 Dungeon Crawl Stone Soup version 0.30-a0-141-g30f27751c5 (webtiles) character file.

Game seed: 5463625689529847523

3 Julmuri the Magician (level 1, -1/15 HPs)
             Began as a Djinni Hedge Wizard on Sept 25, 2022.
             Slain by a hobgoblin (4 damage)
             ... on level 1 of the Dungeon.
             The game lasted 00:01:33 (462 turns).

Julmuri the Magician (Djinni Hedge Wizard)           Turns: 462, Time: 00:01:33

Health: -1/15      AC:  2    Str:  9    XL:     1   Next: 55%
Gold:   14         EV: 12    Int: 15    God:
                   SH:  0    Dex: 12

rFire   + + .      SeeInvis .    a - +0 dagger
rCold   x . .      Faith    .    (no shield)
rNeg    . . .      Spirit   .    b - +0 robe
rPois   ∞          Reflect  .    c - +0 hat
rElec   .          Harm     .    (no cloak)
rCorr   .          Rampage  .    (no gloves)
Will    .....                    (boots unavailable)
Stlth   ++........               (no amulet)
HPRegen 0.05/turn                (no ring)
MPRegen 0.00/turn                (no ring)

@: flying
A: sickness immunity, fire resistance 2, cold vulnerability 1, float, innate
caster, HP casting, extra vitality 1
a: no special abilities


You were on level 1 of the Dungeon.
You visited 1 branch of the dungeon, and saw 2 of its levels.

You collected 14 gold pieces.

Inventory:

Hand Weapons
 a - a +0 dagger (weapon)
Armour
 b - a +0 robe (worn)
 c - a +0 hat (worn)
Scrolls
 d - a scroll of identify {unknown}


   Skills:
 + Level 2.2 Dodging
 + Level 1.7 Stealth
 + Level 2.5 Spellcasting


You couldn't memorise any spells.
You knew the following spells:

 Your Spells              Type           Power      Damage    Failure   Level
a - Magic Dart            Conj           36%        1d4       8%          1
b - Slow                  Hex            36%        N/A       8%          1
c - Blink                 Tloc           18%        N/A       12%         2
d - Call Imp              Summ           9%         N/A       12%         2
e - Cigotuvi's Dreadful   Necr/Pois/Air  18%        N/A       12%         2
f - Mephitic Cloud        Conj/Pois/Air  9%         N/A       22%         3
Your spell library was empty.

Dungeon Overview and Level Annotations

Branches:
Dungeon (2/15)

Altars:


Innate Abilities, Weirdness & Mutations

You are immune to sickness and miasma.
You are immune to poison.
Your flesh is very heat resistant. (rF++)
You are vulnerable to cold. (rC-)
You float through the air rather than walking.
You learn spells naturally, not from books.
Your magical power is your life essence.
You have superior vitality. (+4 MHP)


Message History

* * * LOW HITPOINT WARNING * * *
You barely miss the giant cockroach.
The giant cockroach is lightly wounded.
The giant cockroach barely misses you.
You hit the giant cockroach.
The giant cockroach is lightly wounded.
The giant cockroach bites you but does no damage.
You hit the giant cockroach.
The giant cockroach is almost dead.
The giant cockroach barely misses you.
You hit the giant cockroach.
You kill the giant cockroach!
A ball python comes into view.
You start resting.
HP restored.
There is a stone staircase leading up here.
You fly upwards.
The hobgoblin hits you.
There is a stone staircase leading down here.
The hobgoblin barely misses you.
The hobgoblin hits you but does no damage.
The magic dart hits the hobgoblin but does no damage.
The hobgoblin barely misses you.
The magic dart hits the hobgoblin but does no damage.
The hobgoblin misses you.
You miscast Magic Dart.
You are very lightly contaminated with residual magic.
Nothing appears to happen.
The hobgoblin hits you.
You are too injured to fight recklessly!
The hobgoblin attacks as you move away! The hobgoblin hits you.
* * * LOW HITPOINT WARNING * * *
The hobgoblin attacks as you move away! The hobgoblin barely misses you.
The hobgoblin attacks as you move away! The hobgoblin closely misses you.
Your magical contamination has completely faded away.
The hobgoblin attacks as you move away! The hobgoblin hits you.
* * * LOW HITPOINT WARNING * * *
The hobgoblin attacks as you move away! The hobgoblin misses you.
The hobgoblin attacks as you move away! The hobgoblin misses you.
The hobgoblin attacks as you move away! The hobgoblin barely misses you.
The hobgoblin attacks as you move away! The hobgoblin hits you.
You die...

#.# ####.#### #.# #....#
#.###### ##...## ##.#
#......# ##...# ###...
#......## #>#.# #.....
#.......# #.#.# #.....
#.##K##.#####...####.....
#.##....##....#...##.....
#.##...g@.....##...#....#
#.#......................
#.#.(..........##..####.#
#..........$.##....##.#
##..........####.#.^..#
##...##....# #.......
##..####..# #..#.....
##.# #.## #..#..... #.#
#.# #. .#.....


You could see a hobgoblin and a kobold.

Vanquished Creatures
  A giant cockroach (D:2)
  A hobgoblin (D:1)
  A frilled lizard (D:1)
3 creatures vanquished.

Notes
Turn   | Place    | Note
-------+----------+-------------------------------------------
     0 | D:1      | Julmuri the Djinni Hedge Wizard began the quest for the
                  | Orb.
     0 | D:1      | Julmuri set off with the following spells memorised: Magic
                  | Dart, Slow, Blink, Call Imp, Cigotuvi's Dreadful Rot,
                  | Mephitic Cloud.
     0 | D:1      | Reached XP level 1. HP: 15/15 MP: 0/0
   462 | D:1      | Slain by a hobgoblin

Illustrated notes

Levels and vault maps discovered:
D:1:      wander_arrival_lonely_grave, layout_rooms, basic_ecumenical_altar,
          serial_shops, shop, minmay_strange_pillars
D:2:      layout_loops_ring, basic_altar

Action                   || total
-------------------------++-------
Melee: Dagger            ||     7
 Cast: Magic Dart        ||    14
  Use: Potion            ||     1
Armor: Robe              ||     4
Dodge: Dodged            ||    19

Table legend: (Time is in decaauts)
 A = Elapsed time spent in this place.
 B = Non-inter-level travel time spent in this place.
 C = Inter-level travel time spent in this place.
 D = Time resting spent in this place.
 E = Time spent auto-exploring this place.
 F = Levels seen in this place.
 G = Mean time per level.
                   A        B        C        D        E       F      G
               +--------+--------+--------+--------+--------+-----+--------+
         Total |    462 |    462 |      0 |    217 |    101 |   2 |  231.0 |
       Dungeon |    462 |    462 |      0 |    217 |    101 |   2 |  231.0 |
               +--------+--------+--------+--------+--------+-----+--------+

Top non-repeatable levels by time:
     D:1: 233 daAuts
     D:2: 228 daAuts
